 Dungeon Crawl Stone Soup version 0.26-a0-376-g13fbb91ece (webtiles) character file.

Game seed: 10956836390022498238

92 Harras the Cutter (level 4, 0/44 HPs)
             Began as a Naga Berserker on July 19, 2020.
             Was a Follower of Trog.
             Slain by Natasha (5 damage)
             ... on level 2 of the Dungeon on July 20, 2020.
             The game lasted 00:16:09 (1452 turns).

Harras the Cutter (Naga Berserker)                  Turns: 1452, Time: 00:16:10

Health: 0/44       AC:  2    Str: 20    XL:     4   Next: 60%
Magic:  4/4        EV: 10    Int:  7    God:    Trog [*.....]
Gold:   59         SH:  0    Dex: 11    Spells: 3/3 levels left

rFire    . . .     SeeInvis +   a - +0 short sword
rCold    . . .     Faith    .   (no shield)
rNeg     . . .     Spirit   .   b - +0 animal skin
rPois    +         Reflect  .   (no helmet)
rElec    .         Harm     .   (no cloak)
rCorr    .                      (no gloves)
MR       .....                  (no barding)
Stlth    +.........             (no amulet)
HPRegen  0.14/turn              (no ring)
MPRegen  0.09/turn              (no ring)

@: very slow
A: large, see invisible, deformed body, poison resistance, slowness 2, spit
poison 1, AC +1
a: Spit Poison, Berserk, Renounce Religion


You were on level 2 of the Dungeon.
You worshipped Trog.
Trog was aware of your devotion.
You visited 1 branch of the dungeon, and saw 2 of its levels.

You collected 59 gold pieces.

Inventory:

Hand Weapons
 a - a +0 short sword (weapon)
Missiles
 d - 8 poisoned darts (quivered)
 h - 27 sling bullets
 l - 17 bolts
 n - 39 stones
Armour
 b - a +0 animal skin (worn)
 c - a +0 leather armour
 p - a +0 chain mail
 q - a +0 ring mail
Jewellery
 k - an uncursed ring of protection from fire
 m - an uncursed ring of positive energy
Wands
 r - a wand of flame (13)
Scrolls
 e - 2 scrolls of identify
 f - 2 scrolls of remove curse
 i - a scroll of fear
 j - a scroll of blinking {unknown}
 o - a scroll of enchant armour {unknown}
Potions
 g - a potion of degeneration {unknown}


   Skills:
 + Level 3.7 Fighting
 + Level 3.9 Short Blades
 + Level 1.2 Throwing
 + Level 1.6 Armour
 + Level 2.0 Dodging
 + Level 0.9 Stealth
 + Level 0.1 Unarmed Combat


You had 3 spell levels left.
You didn't know any spells.
Your spell library was empty.

Dungeon Overview and Level Annotations

Branches:
Dungeon (2/15)

Altars:

Annotations:
D:2 Natasha


Innate Abilities, Weirdness & Mutations

You cannot wear boots.
Your serpentine skin is tough. (AC +1)
You have supernaturally acute eyesight. (SInv)
Armour fits poorly on your strangely shaped body.
Your system is resistant to poisons. (rPois)
You cover ground very slowly.
You can spit poison.


Message History

The magic dart hits you.
You feel sick. Natasha casts a spell at you. The magic dart hits you!
* * * LOW HITPOINT WARNING * * *
You feel sick.
You are no longer poisoned.
Natasha casts a spell at you. The magic dart hits you.
* * * LOW HITPOINT WARNING * * *
Okay, then.
As you read the scroll of identify, it crumbles to dust.
i - a scroll of fear You closely miss Natasha.
Natasha barely misses you.
You closely miss Natasha. Natasha closely misses you.
You closely miss Natasha.
Natasha casts a spell.
You barely miss Natasha. You barely miss Natasha. Natasha claws you.
You die...

#.# #.# #.....# #.#... .## #.#
#.# #.....# #.#..# #.. #.# #.#
#.....# ....# ..# ##.#
#.##############...###.#
...####)#...... .......... ##.
###.......############..##.#)....
#.......#......5..h..>(........
#.......#.####h######.#########
#####'#.# #@# #.<# #.#.#
#######..# #.#.. ........#
#.#############...#
#........#....#...#
########.#.##†#...# #
#.#.##.#...#.# #.#.##.......# #
#.#.#..#.######.#


You could see Natasha and a white imp (summoned).

Vanquished Creatures
  Natasha (twice) (D:2)
  2 adders (D:2)
  2 leopard geckos
  A giant cockroach (D:1)
  2 kobolds
  4 bats
  A frilled lizard (D:1)
  7 goblins
  4 rats
25 creatures vanquished.

Notes
Turn   | Place    | Note
-------+----------+-------------------------------------------
     0 | D:1      | Harras the Naga Berserker began the quest for the Orb.
     0 | D:1      | Reached XP level 1. HP: 21/21 MP: 1/1
    56 | D:1      | Upgraded the game from 0.26-a0-365-g11c2b627af to
                  | 0.26-a0-376-g13fbb91ece
   256 | D:1      | Reached XP level 2. HP: 28/28 MP: 2/2
   704 | D:2      | Reached XP level 3. HP: 28/34 MP: 3/3
   903 | D:2      | Noticed Natasha
   908 | D:2      | Killed Natasha
   984 | D:2      | Noticed Natasha
  1023 | D:2      | Killed Natasha
  1023 | D:2      | Reached skill level 1 in Throwing
  1023 | D:2      | Reached XP level 4. HP: 23/44 MP: 4/4
  1436 | D:2      | Noticed Natasha
  1452 | D:2      | Slain by Natasha

Illustrated notes

Levels and vault maps discovered:
D:1:      kennysheep_arrival_forest, layout_basic, minmay_circled_x
D:2:      layout_basic, amethyst_overflow_temple_binary, minmay_heptomino_o4,
          uniq_natasha

Skill      XL: |  1  2  3  4 |
---------------+-------------+-----
Throwing       | 1 |  1.2
Dodging        | 2 |  2.0
Fighting       | |  3.7
Short Blades   | |  3.9
Armour         | |  1.6
Stealth        | |  0.9
Unarmed Combat | |  0.1

Action                   |  1- 3 |  4- 6 || total
-------------------------+-------+-------++-------
Melee: Short sword       |    49 |    42 ||    91
       Unarmed           |    27 |       ||    27
Throw: Dart              |    20 |     9 ||    29
       Stone             |       |     2 ||     2
Invok: Berserk           |     1 |       ||     1
  Use: Scroll            |       |     4 ||     4
Armor: Animal skin       |     5 |    21 ||    26
Dodge: Dodged            |    41 |    28 ||    69

Table legend: (Time is in decaauts)
 A = Elapsed time spent in this place.
 B = Non-inter-level travel time spent in this place.
 C = Inter-level travel time spent in this place.
 D = Time resting spent in this place.
 E = Time spent auto-exploring this place.
 F = Levels seen in this place.
 G = Mean time per level.
                   A        B        C        D        E       F      G
               +--------+--------+--------+--------+--------+-----+--------+
         Total |   1951 |   1099 |    852 |      0 |      0 |   2 |  975.5 |
       Dungeon |   1951 |   1099 |    852 |      0 |      0 |   2 |  975.5 |
               +--------+--------+--------+--------+--------+-----+--------+
